 Dungeon Crawl Stone Soup version 0.31-a0-523-g071a6c1ffa (webtiles) character file.

Game seed: 5224508498093400941

9 GordonOverkill the Sneak (level 2, -1/16 HPs)
             Began as a Vine Stalker Delver on Aug 10, 2023.
             Slain by a hound (2 damage)
             ... on level 5 of the Dungeon.
             The game lasted 00:00:40 (182 turns).

GordonOverkill the Sneak (Vine Stalker Delver)       Turns: 182, Time: 00:00:41

Health: -1/16      AC:  3    Str: 14    XL:     2   Next: 16%
Magic:  0/3        EV: 11    Int: 10    God:
Gold:   4          SH:  0    Dex: 15    Spells: 1/1 levels left

rFire   . . .        a - +0 mace
rCold   . . .        (no shield)
rNeg    . . .        b - +0 leather armour
rPois   .            (no helmet)
rElec   .            (no cloak)
rCorr   .            (no gloves)
SInv    .            (no boots)
Will    .....        (no amulet)
Stlth   +++          (no ring)
HPRegen 0.22/turn    (no ring)
MPRegen 0.08/turn

%: guardian spirit
@: hasted, very quick
A: fangs 2, magic shield, antimagic bite, no potion heal 2
a: no special abilities


You were on level 5 of the Dungeon.
You visited 1 branch of the dungeon, and saw 1 of its levels.

You collected 4 gold pieces.

Inventory:

Hand Weapons
 a - a +0 mace (weapon)
Armour
 b - a +0 leather armour (worn)
Wands
 g - a wand of digging (3)
Scrolls
 c - a scroll of fog
 d - 2 scrolls of revelation
 e - a scroll of fear
Potions
 h - a potion of curing {unknown}


   Skills:
 - Level 2.6 Fighting
 + Level 2.5 Maces & Flails
 - Level 1.5 Dodging
 - Level 6.0 Stealth


You had one spell level left.
You didn't know any spells.
Your spell library was empty.

Dungeon Overview and Level Annotations

Branches:
Dungeon (5/15)
 Temple: D:4-7

Altars:
Hepliaklqana
Uskayaw

Annotations:
D:5 2 transporters


Innate Abilities, Weirdness & Mutations

You have extremely sharp teeth.
When hurt, damage is shared between your health and your magic reserves.
Your bite disrupts and absorbs the magic of your enemies.
Potions cannot restore your health.


Message History

You start resting.
You hear the slow hiss of a distant avalanche of sand.
You start resting.
Magic restored.
You start resting.
You hear the hiss of a distant avalanche of sand.
An iguana comes into view.
Found 10 gold pieces.
You see here an adder corpse.
Found a scroll labelled XATSIS ZAMED.
An adder comes into view.
Found 5 poisoned darts, 2 bubbling white potions and 19 gold pieces.
A scorpion comes into view.
The iguana hisses angrily.
You see here an adder corpse.
You feel yourself speed up. The scorpion stings you.
A quokka comes into view.
You now have 4 gold pieces. 2 hounds and a white imp come into view.
Found 5 javelins.
Found a stone staircase leading down.
The hound barks!
The white imp shouts!
The white imp gestures at you. The puff of frost hits you!
Ouch! That really hurt!
* * * LOW HITPOINT WARNING * * *
Found 11 gold pieces.
Found a stone staircase leading up.
The hound barks!
The hound bites you but does no damage.
A phantom comes into view.
The hound closely misses you. The white imp gestures at you.
The puff of frost hits you.
* * * LOW HITPOINT WARNING * * *
You see here 5 javelins.
Found a leather armour.
The hound attacks as you move away! The hound bites you.
* * * LOW HITPOINT WARNING * * *
The hound barely misses you. The hound attacks as you move away!
The hound bites you.
You die...

.. #.###...#..####.. .#..
#...##......####.
[..W######....##...†....
#..<..#...##..##.#...#.
#..#...s..#.....##....
#...5......#.#####...
###..(.....#.# ###.
#.hh....##.# #.
##@....###.# ##
#......>##.# #.......##.#
## #..$.....##.#
.###...#.......#.###
.....####...##.#...######
###..### #####..........#
#.>...# #..........#
######.#...# #..........#


You could see a phantom, a scorpion, 2 hounds and a white imp.

Vanquished Creatures
  An adder (D:5)
1 creature vanquished.

Notes
Turn   | Place    | Note
-------+----------+-------------------------------------------
     0 | D:5      | GordonOverkill the Vine Stalker Delver began the quest for
                  | the Orb.
     0 | D:5      | Reached XP level 1. HP: 11/11 MP: 2/2
     1 | D:5      | Noticed a gnoll bouda
    18 | D:5      | Found a hide-covered altar of Uskayaw.
    18 | D:5      | Found a hazy altar of Hepliaklqana.
    18 | D:5      | Noticed an orc wizard
    18 | D:5      | Noticed a yak
    19 | D:5      | Found a transporter.
    19 | D:5      | Noticed a two-headed ogre
    19 | D:5      | Noticed a scorpion
    23 | D:5      | Noticed a wight
    30 | D:5      | Found a transporter.
    90 | D:5      | Reached XP level 2. HP: 1/16 MP: 0/3
   155 | D:5      | Noticed a scorpion
   178 | D:5      | Noticed a phantom
   182 | D:5      | Slain by a hound

Illustrated notes

Levels and vault maps discovered:
D:5:      layout_rooms, gammafunk_temple_overflow_arena,
          nicolae_ossuary_entry_plus

Skill      XL: |  1 |
---------------+----+-----
Maces & Flails | 2 |  2.5
Fighting       | |  2.6
Dodging        | |  1.5
Stealth        | |  6.0

Action                     || total
---------------------------++-------
  Melee: Mace              ||     6
         Bite              ||     2
    Use: Potion            ||     1
 Armour: Leather armour    ||     4
  Dodge: Dodged            ||     5

Table legend: (Time is in decaauts)
 A = Elapsed time spent in this place.
 B = Non-inter-level travel time spent in this place.
 C = Inter-level travel time spent in this place.
 D = Time resting spent in this place.
 E = Time spent auto-exploring this place.
 F = Levels seen in this place.
 G = Mean time per level.
                   A        B        C        D        E       F      G
               +--------+--------+--------+--------+--------+-----+--------+
         Total |    176 |    176 |      0 |     61 |      0 |   1 |  176.0 |
       Dungeon |    176 |    176 |      0 |     61 |      0 |   1 |  176.0 |
               +--------+--------+--------+--------+--------+-----+--------+

Top non-repeatable levels by time:
     D:5: 176 daAuts
